 Dungeon Crawl Stone Soup version 0.18-a0-1730-g73f0523 (webtiles) character file.

21 M4edhros the Sneak (level 2, -3/27 HPs)
             Began as an Octopode Artificer on Apr 10, 2016.
             Slain by an adder (4 damage)
             ... on level 2 of the Dungeon.
             The game lasted 00:00:49 (1168 turns).

M4edhros the Sneak (Octopode Artificer)             Turns: 1168, Time: 00:00:50

Health: -3/27      AC:  1    Str: 15    XL:     2   Next: 87%
Magic:  4/4        EV: 11    Int: 14    God:
Gold:   53         SH:  3    Dex: 12    Spells: 0 memorised, 1 level left

rFire  . . .     SeeInvis .     a - +0 short sword
rCold  . . .     Gourm    .     i - +0 buckler
rNeg   . . .     Faith    .     (helmet restricted)
rPois  .         Spirit   .     (no amulet)
rElec  .         Dismiss  .     e - ring of protection from magic
rCorr  .         Reflect  .     (no ring)
SustAt .         Harm     .     (no ring)
MR     +....                    (no ring)
Stlth  ..........               (no ring)
                                (no ring)
                                (no ring)
                                (no ring)

@: berserking, lethally poisoned (-3 -> -7), very quick, somewhat resistant to
hostile enchantments, extremely unstealthy
A: almost no armour, amphibious, 8 rings, constrict 8, camouflage 1, gelatinous
body 1
a: no special abilities


You were on level 2 of the Dungeon.
You were not hungry.

You visited 1 branch of the dungeon, and saw 2 of its levels.

You collected 53 gold pieces.

Inventory:

Hand Weapons
 a - a +0 short sword (weapon)
Armour
 i - a +0 buckler (worn)
Jewellery
 e - a ring of protection from magic (left tentacle)
Wands
 b - a wand of flame (15/48)
 c - a wand of enslavement (15/24)
 d - a wand of random effects (15/48)
Scrolls
 g - a scroll of remove curse {unknown}
 h - a scroll of blinking {unknown}
Comestibles
 f - a bread ration


   Skills:
 - Level 1.0 Fighting
 - Level 1.0 Short Blades
 - Level 2.0 Dodging
 * Level 4.0 Stealth
 - Level 3.2 Evocations


You had one spell level left.
You didn't know any spells.

Dungeon Overview and Level Annotations

Branches:
Dungeon (2/15)

Altars:


Innate Abilities, Weirdness & Mutations

You cannot wear most types of armour.
You are amphibious.
You can wear up to eight rings at the same time.
You can use your tentacles to constrict eight enemies at once.
Your skin changes colour to match your surroundings (Stealth).
Your rubbery body absorbs attacks (AC +1).


Message History

The adder poisons you! The ooze barely misses you.
You hit the adder but do no damage. Your grab misses the adder.
The adder is moderately wounded.
You feel sick. The bat barely misses you. The adder bites you.
The goblin hits you with a dagger. The ooze barely misses you.
The adder misses you.
You hit the adder but do no damage. You grab the adder.
The adder is moderately wounded.
You constrict the adder.
You feel sick. The bat closely misses you. The goblin hits you with a dagger.
The adder barely misses you. The ooze hits you.
* * * LOW HITPOINT WARNING * * *
You are too injured to fight recklessly!
Unknown command.
Drink which item? (? for menu, Esc to quit)
It was a potion of berserk rage.
A red film seems to cover your vision as you go berserk!
You feel yourself moving faster!
You feel mighty!
You constrict the adder. The bat hits you but does no damage.
The adder bites you.
You die...

..P≈≈.P..#
#.#≈≈≈..≈..#
#..≈≈.≈P≈P.#
#..♣≈≈≈≈.P.#
#..≈≈≈≈≈≈..#
#.P≈≈≈≈≈≈g.#
#.P≈≈gJSP#
##≈≈.b@g.# #
#P≈≈≈≈≈P.#
#.#.##
##P≈≈≈(.##
#.....
#..P.P..#
###.##
####.#..# #.##
#...###########
#.##
###...........#
#.#
###########.#
#.#♣ #.# #...


You could see an ooze, an adder, a hobgoblin, 2 goblins and a bat.

Vanquished Creatures
  A giant gecko (D:1)
  A giant cockroach (D:1)
  3 goblins (D:1)
  4 hobgoblins (D:1)
  3 bats (D:1)
  2 giant newts (D:1)
  4 kobolds (D:1)
  2 rats
20 creatures vanquished.

Notes
Turn   | Place    | Note
--------------------------------------------------------------
     0 | D:1      | M4edhros the Octopode Artificer began the quest for the Orb.
     0 | D:1      | Reached XP level 1. HP: 13/13 MP: 3/3
    41 | D:1      | Reached skill level 2 in Stealth
   394 | D:1      | Reached skill level 3 in Stealth
   394 | D:1      | Reached XP level 2. HP: 18/18 MP: 4/4
  1135 | D:2      | Reached skill level 4 in Stealth
  1168 | D:2      | Slain by an adder

Vault maps used:
D:1:      dpeg_arrival_central
D:2:      grunt_temple_overflow_order_and_chaos_1, first_bread, serial_bayou,
          serial_bayou_pond_e, serial_bayou_lake_a, serial_bayou_pond_b,
          serial_bayou_pond_b, minmay_tree_intersection, uniq_terence

Skill      XL: |  1  2 |
---------------+-------+-----
Stealth        | 3 4 |  4.0
Fighting       | |  1.0
Short Blades   | |  1.0
Dodging        | |  2.0
Evocations     | |  3.2

Action                   || total
-------------------------++-------
Melee: Short sword       ||    33
  Use: Potion            ||     1
 Stab: Sleeping          ||    10
  Eat: Chunk             ||     1
